 Dungeon Crawl Stone Soup version 0.18-a0-1800-gdc7a371 (webtiles) character file.

98 epen the Insei (level 4, -1/31 HPs)
             Began as an Octopode Monk on Apr 24, 2016.
             Slain by a hobgoblin
             ... wielding a +0 mace
              (5 damage)
             ... on level 2 of the Dungeon.
             The game lasted 00:03:16 (1360 turns).

epen the Insei (Octopode Monk)                      Turns: 1360, Time: 00:03:17

Health: -1/31      AC:  1    Str: 10    XL:     4   Next: 69%
Magic:  13/13      EV:  8    Int: 12    God:
Gold:   16         SH:  4    Dex: 15    Spells: 0 memorised, 3 levels left

rFire  . . .     SeeInvis .       - Unarmed
rCold  . . .     Gourm    .     i - +0 buckler
rNeg   . . .     Faith    .     (helmet restricted)
rPois  .         Spirit   .     (no amulet)
rElec  .         Dismiss  .     d - ring of magical power
rCorr  .         Reflect  .     (no ring)
SustAt .         Harm     .     (no ring)
MR     .....                    (no ring)
Stlth  ++++......               (no ring)
                                (no ring)
                                (no ring)
                                (no ring)

@: not resistant to hostile enchantments, stealthy
A: almost no armour, amphibious, 8 rings, constrict 8, camouflage 1, gelatinous
body 1
a: no special abilities


You were on level 2 of the Dungeon.
You were not hungry.

You visited 1 branch of the dungeon, and saw 2 of its levels.

You collected 16 gold pieces.

Inventory:

Armour
 i - a +0 buckler (worn)
Jewellery
 d - a ring of magical power (left tentacle)
Scrolls
 b - a scroll of random uselessness {unknown}
 c - 2 scrolls of remove curse {unknown}
 e - a scroll of teleportation {unknown}
 g - a scroll of identify {unknown}
Potions
 f - a potion of might {unknown}
 h - a potion of invisibility {unknown}
Comestibles
 a - 2 bread rations


   Skills:
 + Level 3.5 Fighting
 * Level 3.9 Dodging
 + Level 3.6 Stealth
 + Level 0.4 Shields
 * Level 4.5 Unarmed Combat


You had 3 spell levels left.
You didn't know any spells.

Dungeon Overview and Level Annotations

Branches:
Dungeon (2/15)

Altars:
Vehumet


Innate Abilities, Weirdness & Mutations

You cannot wear most types of armour.
You are amphibious.
You can wear up to eight rings at the same time.
You can use your tentacles to constrict eight enemies at once.
Your skin changes colour to match your surroundings (Stealth).
Your rubbery body absorbs attacks (AC +1).


Message History

You start resting.
You feel sick. x2
You are no longer poisoned.
You start resting.
A hobgoblin comes into view. It is wielding a mace.
You see here an adder corpse.
You start resting.
The hobgoblin hits you with a mace.
You tentacle-slap the hobgoblin but do no damage.
You grab the hobgoblin.
You constrict the hobgoblin, but do no damage.
The hobgoblin hits you with a mace!
* * * LOW HITPOINT WARNING * * *
You are too injured to fight recklessly!
You are too injured to fight recklessly!
You release your grip on the hobgoblin.
You see here an adder corpse.
There is a stone staircase leading up here.
The hobgoblin hits you with a mace.
You die...

#. ##....###.###... ##.
###...#...#.. # #..
#....._[.. .## #.#
##...#...# ...
####.#####...###.###.# #
#.............#.).#..#.#
#.......###...†........#
#.......# ###.##....###
#.......#####..g@.#....
#######.....###÷### ##.
#.....##..# #....†...##
#....)#######
#............
#.....####### #.....#
#.....#


You could see a hobgoblin.

Vanquished Creatures
  4 adders (D:2)
  A worm (D:2)
  3 dart slugs (D:1)
  3 giant geckos (D:1)
  A ball python (D:1)
  3 giant cockroaches
  3 goblins
  5 hobgoblins
  4 jackals
  9 bats
  2 giant newts (D:1)
  6 kobolds
  5 rats (D:1)
49 creatures vanquished.

Notes
Turn   | Place    | Note
--------------------------------------------------------------
     0 | D:1      | epen the Octopode Monk began the quest for the Orb.
     0 | D:1      | Reached XP level 1. HP: 16/16 MP: 1/1
   130 | D:1      | Reached XP level 2. HP: 13/21 MP: 2/2
   377 | D:1      | Reached XP level 3. HP: 25/26 MP: 3/3
  1072 | D:2      | Found a radiant altar of Vehumet.
  1075 | D:2      | Reached XP level 4. HP: 27/31 MP: 4/4
  1360 | D:2      | Slain by a hobgoblin

Vault maps used:
D:1:      dpeg_arrival_refuge
D:2:      nicolae_qazlal_style_of_elements, vehumet_crystals,
          grunt_pakellas_mercury, uniq_robin

Skill      XL: |  1  2 |
---------------+-------+-----
Stealth        | 3 |  3.6
Fighting       | |  3.5
Dodging        | |  3.9
Shields        | |  0.4
Unarmed Combat | |  4.5

Action                   |  1- 3 |  4- 6 || total
-------------------------+-------+-------++-------
Melee: Unarmed           |    73 |    26 ||    99
       Constrict         |    20 |    10 ||    30
       Tentacles         |    12 |     5 ||    17
       Punch             |       |     1 ||     1
 Stab: Sleeping          |    14 |       ||    14
  Eat: Chunk             |       |     1 ||     1
Armor: Skin              |     5 |     4 ||     9
Dodge: Dodged            |    36 |    11 ||    47
